AoeStats
← MatzeAoE

MegaRandom

505736734Analyzed
1v1 RM · 22d ago on Sep 10, 2026· 23m 19s· 2 players
Game mode
Random Map
Map size
Tiny (2 player)
Population
200
Speed
Normal
Resources
Standard
Victory
Conquest
Starting age
Dark Age
Ending age
Imperial Age
RankedLock teamsTeams togetherTeam positionsShared explorationLock speedFull tech treeHidden civsTurbo modeCheats
Victory
Defeat
🇩🇪 Chinese · Germany
1963
+25
🇩🇪 Bengalis · Germany
2182
-25
MatzeAoE
7:52 Loom
9:48 Feudal Age
15:16 Castle Age
20:58 Fletching
LEGAL
0:27 Loom
8:28 Feudal Age
9:08 Double-Bit Axe
9:04 Horse Collar
18:31 Castle Age
17:42 Fletching
19:08 Forging
18:32 Crossbowman
19:15 Padded Archer Armor
18:36 Elite Skirmisher
19:38 Bodkin Arrow
Connection lost

Rejoining the realm…

Still unreachable

The connection could not be restored.

Session expired

The server has moved on; the page needs a fresh start.